[Event "Titled Tuesday Blitz April 4 Late 2023"]
[White "Moral Garcia, Serafin"]
[Black "Sokolovsky, Yahli"]
[WhiteFideId "2201925"]
[BlackFideId "2820242"]
[WhiteElo "2274"]
[BlackElo "2316"]
[Result "1/2-1/2"]
[Round "03"]
[TimeControl "180+2"]
[Date "2023.04.04"]
[WhiteClock "0:00:11"]
[BlackClock "0:00:05"]

1. c4 d6 2. Nc3 e5 3. g3 f5 4. d3 Nf6 5. Bg2 g6 6. e4 Bg7 7. Nge2 O-O 8. O-O Nc6 9. Rb1 a5 10. a3 Bd7 11. b4 axb4 12. axb4 Qc8 13. b5 Ne7 14. f4 fxe4 15. Nxe4 Nxe4 16. Bxe4 Bh3 17. Rf2 Nf5 18. Qb3 exf4 19. Bxf4 Nd4 20. Qd1 Bg4 21. Qd2 Nxe2+ 22. Rxe2 Bxe2 23. Qxe2 Kh8 24. Qg2 Ra1 25. Rxa1 Bxa1 26. Bxb7 Qg4 27. Bf3 Qe6 28. Qe2 Qxe2 29. Bxe2 Bd4+ 30. Kh1 Ra8 31. Kg2 Kg7 32. Kf3 Ra2 33. h4 Kf6 34. Ke4 Rxe2+ 35. Kxd4 Ke6 36. Kc3 Rg2 37. Kd4 Rg1 38. Ke4 Rd1 39. Kd4 Kf5 40. b6 cxb6 41. Bxd6 Ke6 42. Bc7 Rb1 43. Kc3 Kd7 44. Bf4 Kc6 45. d4 Kd7 46. d5 Rf1 47. Kd4 Rf3 48. Ke4 Rb3 49. Kd4 h6 50. Bxh6 Rxg3 51. Bg5 Rg4+ 52. Kc3 Rg1 53. Kb4 Rb1+ 54. Kc3 Kd6 55. Bf4+ Ke7 56. Kd4 Kd7 57. Bg5 Rb4 58. Kc3 Ra4 59. Kb3 Ra1 60. Kb4 Rb1+ 61. Kc3 Kd6 62. Bf4+ Ke7 63. Bg5+ Ke8 64. Kd4 Rb4 65. Kc3 Ra4 66. Kb3 Ra7 67. Kb4 Ra1 68. Kb5 Rb1+ 69. Kc6 Rb4 70. c5 bxc5 71. Kxc5 Ra4 72. Kd6 Ra6+ 73. Ke5 Kd7 74. Bf4 Ra4 75. Bg5 Ra6 76. Bf4 Ke7 77. Bg5+ Kf7 78. Kd4 Ra5 79. Ke5 Rb5 80. Kd6 Ke8 81. Ke6 Rb1 82. Kf6 Rb6+ 83. Ke5 Kd7 84. Bf4 Ra6 85. Bg5 Ra8 86. Kf6 Rg8 87. Kf7 Rc8 88. Kxg6 Kd6 89. h5 Kxd5 90. h6 Ke6 91. h7 Ra8 92. Bh6 Rh8 93. Bg7 Rxh7 94. Kxh7 1/2-1/2


[Site "https://www.chess.com"]

[Event "Titled Tuesday Blitz April 4 Late 2023"]
[White "Gegenfurtner, Juergen"]
[Black "Romkachess"]
[WhiteFideId "24632147"]
[WhiteElo "2398"]
[BlackElo "2448"]
[Result "1-0"]
[Round "03"]
[TimeControl "180+2"]
[Date "2023.04.04"]
[WhiteClock "0:00:46"]
[BlackClock "0:00:04"]

1. d4 Nf6 2. c4 e6 3. Nf3 d5 4. g3 Be7 5. Bg2 O-O 6. O-O Nbd7 7. Nc3 c6 8. Nd2 b6 9. e4 dxc4 10. Nxc4 Bb7 11. Re1 Rc8 12. Bf4 Re8 13. Rc1 b5 14. Nd6 Bxd6 15. Bxd6 e5 16. b4 exd4 17. Qxd4 Nb6 18. Rcd1 Nc4 19. Bc5 Qxd4 20. Bxd4 Nb2 21. Rd2 Nc4 22. Rde2 a5 23. bxa5 Nxa5 24. e5 Nd5 25. Bxd5 cxd5 26. Nxb5 Ba6 27. Nd6 Bxe2 28. Nxc8 Bc4 29. Nd6 Ra8 30. a3 Nc6 31. Bb2 Bb3 32. Rc1 Ne7 33. Rc7 1-0


[Site "https://www.chess.com"]

[Event "Titled Tuesday Blitz April 4 Late 2023"]
[White "mohsengabr2002"]
[Black "Mihajlov, Sebastian"]
[BlackFideId "1512110"]
[WhiteElo "2448"]
[BlackElo "2478"]
[Result "0-1"]
[Round "03"]
[TimeControl "180+2"]
[Date "2023.04.04"]
[WhiteClock "0:00:08"]
[BlackClock "0:00:19"]

1. e4 g6 2. d4 Bg7 3. Nc3 d6 4. Be3 a6 5. f3 b5 6. a3 Nd7 7. g4 Bb7 8. h4 h6 9. h5 g5 10. Nge2 c5 11. Ng3 e6 12. Qd2 cxd4 13. Bxd4 Ne5 14. Be2 Qc7 15. O-O-O Ne7 16. Kb1 N7c6 17. Be3 O-O-O 18. Qe1 Na5 19. Qf2 Nac4 20. Bd4 Kb8 21. Nf1 Rc8 22. Ne3 Na5 23. Ned5 exd5 24. Bb6 Qd7 25. Bxa5 dxe4 26. Nxe4 Bxe4 27. fxe4 Qc6 28. c3 Qxe4+ 29. Ka1 Qc6 30. Bb4 Rhd8 31. Rh3 d5 32. Bf3 Nxf3 33. Rxf3 d4 34. Rxf7 Rd7 35. Rxd7 Qxd7 36. cxd4 Qxg4 37. Rf1 Qxd4 38. Qh2+ Ka8 39. Bc3 Rxc3 40. bxc3 Qxc3+ 41. Ka2 Qc4+ 42. Kb1 Qxf1+ 43. Kc2 Qc4+ 44. Kd2 Qd4+ 45. Kc2 Qb2+ 46. Kd1 Qxh2 0-1


[Site "https://www.chess.com"]

[Event "Titled Tuesday Blitz April 4 Late 2023"]
[White "Papp, Levente"]
[Black "Bouget, Alexandre"]
[WhiteFideId "751243"]
[BlackFideId "681318"]
[WhiteElo "2380"]
[BlackElo "2182"]
[Result "1/2-1/2"]
[Round "03"]
[TimeControl "180+2"]
[Date "2023.04.04"]
[WhiteClock "0:00:10"]
[BlackClock "0:01:35"]

1. b3 e5 2. Bb2 d6 3. Nf3 g6 4. d4 Bg7 5. dxe5 Nc6 6. c4 Nxe5 7. Nxe5 Bxe5 8. Bxe5 dxe5 9. Qxd8+ Kxd8 10. Nc3 c6 11. c5 Be6 12. O-O-O+ Kc7 13. Ne4 Ne7 14. Nd6 Nf5 15. Nxf5 Bxf5 16. e3 Rad8 17. Bc4 f6 18. b4 Rxd1+ 19. Rxd1 Rd8 20. Rxd8 Kxd8 21. f4 Ke7 22. h3 Be6 23. Bxe6 Kxe6 24. Kd2 Kf5 25. fxe5 Kxe5 26. Kd3 Ke6 27. Kd4 Kf5 28. a4 h5 29. g3 g5 30. a5 a6 31. e4+ Ke6 32. g4 h4 33. Kd3 Ke5 34. Ke3 Ke6 35. Kd4 Kf7 36. Kd3 Ke7 37. Kd4 Ke6 38. Kd3 Ke5 39. Ke3 Ke6 40. Kd3 1/2-1/2


[Site "https://www.chess.com"]

[Event "Titled Tuesday Blitz April 4 Late 2023"]
[White "Martin Barcelo, Carles"]
[Black "Melikyan, Gnel"]
[WhiteFideId "24561444"]
[BlackFideId "54109990"]
[WhiteElo "2089"]
[BlackElo "2138"]
[Result "1-0"]
[Round "03"]
[TimeControl "180+2"]
[Date "2023.04.04"]
[WhiteClock "0:00:18"]
[BlackClock "0:01:25"]

1. d4 b5 2. e4 Bb7 3. Bd3 Nf6 4. Qe2 b4 5. Nf3 e6 6. O-O a5 7. a3 c5 8. axb4 cxb4 9. c3 Be7 10. Nbd2 Nc6 11. Nc4 d5 12. exd5 Nxd5 13. Bd2 O-O 14. Nce5 Nxe5 15. Nxe5 Rc8 16. c4 Nf6 17. Be3 Bd6 18. f4 Be4 19. Ra4 Bxd3 20. Qxd3 Qc7 21. Rfa1 Bxe5 22. fxe5 Ng4 23. b3 Rfd8 24. Qe4 Nxe3 25. Qxe3 Ra8 26. h3 Qb6 27. Rd1 Rd7 28. Kf2 Rad8 29. d5 Qxe3+ 30. Kxe3 exd5 31. Rxa5 d4+ 32. Ke4 d3 33. Rd5 Rxd5 34. cxd5 Ra8 35. Rxd3 Kf8 36. d6 Ke8 37. Kd5 Kd7 38. Rd4 Ra5+ 39. Ke4 Rb5 40. Rc4 Rb7 41. Kd5 h5 42. Rc7+ Rxc7 43. dxc7 Kxc7 44. Kc5 f6 45. exf6 gxf6 46. Kxb4 f5 47. Kc4 f4 48. Kd4 h4 49. Ke4 f3 50. Kxf3 Kd6 51. Kg4 Ke5 52. Kxh4 Kf4 53. g4 Kf3 54. b4 Kg2 55. b5 Kf3 56. b6 Kg2 57. b7 Kh2 58. b8=Q+ Kg2 59. g5 Kh1 60. g6 Kg2 61. Kg4 Kh1 62. Qb2 Kg1 63. Kg3 Kf1 64. Qf2# 1-0


[Site "https://www.chess.com"]

[Event "Titled Tuesday Blitz April 4 Late 2023"]
[White "reevecanada"]
[Black "Atanasov, Anthony"]
[BlackFideId "2623897"]
[WhiteElo "2435"]
[BlackElo "2326"]
[Result "1-0"]
[Round "03"]
[TimeControl "180+2"]
[Date "2023.04.04"]
[WhiteClock "0:00:54"]
[BlackClock "0:00:16"]

1. e4 e5 2. Nf3 Nf6 3. d4 Nxe4 4. dxe5 Bc5 5. Qd5 Bxf2+ 6. Ke2 f5 7. exf6 Nxf6 8. Qe5+ Kf7 9. Ng5+ Kf8 10. Kd1 d6 11. Qf4 Bg4+ 12. Be2 h6 13. Bxg4 hxg5 14. Qxf2 Nc6 15. Bxg5 Ne5 16. Be2 Qe8 17. Bxf6 gxf6 18. Qxf6+ Kg8 19. Nc3 Qc6 20. Rf1 Rxh2 21. Kd2 Rxg2 22. Rf2 Rg3 23. Raf1 Re8 24. Kc1 d5 25. Qf4 Rg7 26. Bh5 Re6 27. Qf8+ Kh7 28. Bf7 Rh6 29. Bxd5 Qb6 30. Be4+ Ng6 31. Rf7 Qe3+ 32. Kb1 Qxe4 33. Nxe4 Nxf8 34. Rxf8 a6 35. Nf6+ Kg6 36. Rg1+ Kf5 37. Ng4+ Ke6 38. Re1+ Kd6 1-0


[Site "https://www.chess.com"]

[Event "Titled Tuesday Blitz April 4 Late 2023"]
[White "Kleiman, Jake"]
[Black "Hajiyev, Kanan"]
[WhiteFideId "2020041"]
[BlackFideId "13404148"]
[WhiteElo "2619"]
[BlackElo "2103"]
[Result "1-0"]
[Round "03"]
[TimeControl "180+2"]
[Date "2023.04.04"]
[WhiteClock "0:01:34"]
[BlackClock "0:00:03"]

1. e4 c5 2. c3 d5 3. exd5 Nf6 4. d4 cxd4 5. Nf3 Nxd5 6. Nxd4 e6 7. Bd3 Be7 8. O-O O-O 9. Nd2 Nc6 10. N2f3 Nxd4 11. Nxd4 Qb6 12. Qe2 Bf6 13. Qe4 g6 14. Bh6 Rd8 15. Rab1 e5 16. Nb3 Bf5 17. Qf3 Bxd3 18. Qxd3 Rac8 19. Qf3 Qe6 20. Rfe1 Qf5 21. Nd2 Qxf3 22. Nxf3 Re8 23. Rbd1 Nb6 24. Nd2 Bg7 25. Bxg7 Kxg7 26. Ne4 Re7 27. Nd6 Rc6 28. f4 Nc4 29. Nxc4 Rxc4 30. Rxe5 Rxe5 31. fxe5 Re4 32. Rd7 b5 33. Rxa7 Rxe5 34. Kf2 h5 35. a4 Rf5+ 36. Ke2 bxa4 37. Rxa4 Rg5 38. g3 Re5+ 39. Kd2 f5 40. Rd4 g5 41. b4 Rb5 42. Kd3 Kf6 43. Kc4 Rb8 44. b5 Ke5 45. Kc5 f4 46. gxf4+ gxf4 47. b6 Rc8+ 48. Kb4 f3 49. Rd1 Ke4 50. c4 Ke3 51. c5 f2 52. b7 Rb8 53. c6 Ke2 54. Ra1 Rg8 55. c7 Rg4+ 56. Kc3 Rg1 57. c8=Q Rc1+ 58. Rxc1 1-0


[Site "https://www.chess.com"]

[Event "Titled Tuesday Blitz April 4 Late 2023"]
[White "Liu, Casper"]
[Black "Vlassov, Nikolai"]
[WhiteFideId "1454153"]
[BlackFideId "4103360"]
[WhiteElo "2221"]
[BlackElo "2324"]
[Result "0-1"]
[Round "03"]
[TimeControl "180+2"]
[Date "2023.04.04"]
[WhiteClock "0:00:16"]
[BlackClock "0:00:10"]

1. e4 Nc6 2. Nf3 d5 3. exd5 Qxd5 4. Nc3 Qa5 5. d4 Bg4 6. Be2 O-O-O 7. d5 e6 8. Ng5 Rxd5 9. Qxd5 exd5 10. Bxg4+ Kb8 11. Nxf7 Nf6 12. Be2 d4 13. Nxh8 dxc3 14. O-O Qd5 15. Bf3 Qg8 16. bxc3 Qxh8 17. Rb1 Kc8 18. Bg5 Bc5 19. Rfe1 Qg8 20. h3 Bb6 21. Rbd1 Ba5 22. Bxf6 gxf6 23. Bg4+ Kb8 24. Be6 Qf8 25. Re3 a6 26. Rd7 Ka7 27. Rxh7 Qc5 28. Rh4 Ne5 29. c4 Bb6 30. Re2 Qa3 31. Rhe4 Qxa2 32. h4 Qb1+ 33. Kh2 Qc1 34. h5 a5 35. f4 Nc6 36. h6 f5 37. Bxf5 Bd4 38. Bd7 Qg1+ 39. Kg3 Bb2 40. h7 Qc5 41. Bxc6 Qxc6 42. Re8 Qg6+ 43. Kf3 Qxh7 44. c3 Qh5+ 45. g4 Qh3+ 46. Ke4 Qxg4 47. Rxb2 Qg6+ 48. Kf3 Qxe8 49. Ra2 Qc6+ 50. Kf2 b6 51. Ra3 Qxc4 52. f5 Qc5+ 53. Kg3 Qxa3 54. f6 Qf8 55. f7 Qxf7 56. Kg4 Qc4+ 0-1


[Site "https://www.chess.com"]

[Event "Titled Tuesday Blitz April 4 Late 2023"]
[White "Poliakova, Varvara"]
[Black "Marczuk, Dominik"]
[WhiteFideId "13518313"]
[BlackFideId "1111264"]
[WhiteElo "2075"]
[BlackElo "2174"]
[Result "0-1"]
[Round "03"]
[TimeControl "180+2"]
[Date "2023.04.04"]
[WhiteClock "0:01:32"]
[BlackClock "0:01:19"]

1. e4 c5 2. Nf3 d6 3. d4 cxd4 4. Nxd4 Nf6 5. Nc3 a6 6. h3 e5 7. Nde2 b5 8. g4 b4 9. Nd5 Nxd5 10. exd5 Be7 11. Bg2 O-O 12. Ng3 Bg5 13. O-O Nd7 14. Nf5 Bxc1 15. Rxc1 Nc5 16. Qf3 Bxf5 17. Qxf5 g6 18. Qf3 f6 19. c3 a5 20. Qe3 b3 21. axb3 Nxb3 22. Rce1 a4 23. f4 Nc5 24. fxe5 fxe5 25. g5 Qe7 26. h4 Rxf1+ 27. Rxf1 Rf8 28. Bh3 Rxf1+ 29. Kxf1 Kg7 30. Ke2 Qb7 31. Qd2 Qb5+ 32. Ke3 Qc4 33. h5 Qf4+ 34. Ke2 Qh2+ 35. Kd1 Qxh3 36. h6+ Kg8 37. Qe2 Qd3+ 38. Qxd3 Nxd3 39. Kc2 Nc5 40. c4 Kf7 41. Kc3 Ke7 42. Kb4 Kd7 43. Kc3 Kc7 0-1


[Site "https://www.chess.com"]

[Event "Titled Tuesday Blitz April 4 Late 2023"]
[White "Bochnicka, Vladimir"]
[Black "Srinath, Rao S.V."]
[WhiteFideId "14943450"]
[BlackFideId "5028876"]
[WhiteElo "2094"]
[BlackElo "2196"]
[Result "0-1"]
[Round "03"]
[TimeControl "180+2"]
[Date "2023.04.04"]
[WhiteClock "0:00:01"]
[BlackClock "0:00:13"]

1. e4 c6 2. d4 d5 3. e5 c5 4. dxc5 Nc6 5. Nf3 Bg4 6. Bb5 e6 7. O-O Bxc5 8. c3 Ne7 9. b4 Bb6 10. a4 O-O 11. Bf4 Ng6 12. Bxc6 bxc6 13. Bg3 Bc7 14. Re1 f6 15. exf6 Rxf6 16. Nbd2 Bxg3 17. hxg3 e5 18. Qb3 Qc7 19. b5 Raf8 20. bxc6 Qxc6 21. Nxe5 Nxe5 22. Rxe5 Rxf2 23. Qxd5+ Qxd5 24. Rxd5 Re2 25. Rf1 Rc8 26. c4 h5 27. c5 Be6 28. Rd6 Rxc5 29. Nf3 Rcc2 30. Rd8+ Kh7 31. Ne1 Ra2 32. Rd4 Re3 33. Kh2 Bg4 34. Rdf4 Rea3 35. R4f2 Rxa4 36. Rxa2 Rxa2 37. Nd3 Rd2 38. Ne5 Be6 39. Ra1 Re2 0-1


[Site "https://www.chess.com"]

[Event "Titled Tuesday Blitz April 4 Late 2023"]
[White "Celestino, Rafael Teixeira"]
[Black "Ehlvest, Jaan"]
[WhiteFideId "2108925"]
[BlackFideId "4500016"]
[WhiteElo "2427"]
[BlackElo "2442"]
[Result "0-1"]
[Round "03"]
[TimeControl "180+2"]
[Date "2023.04.04"]
[WhiteClock "0:01:22"]
[BlackClock "0:01:51"]

1. e4 c5 2. Nf3 Nc6 3. d4 cxd4 4. Nxd4 Nf6 5. Nc3 e5 6. Ndb5 d6 7. Nd5 Nxd5 8. exd5 Nb8 9. Be2 Be7 10. O-O O-O 11. c4 Nd7 12. Be3 a6 13. Nc3 f5 14. f3 Bg5 15. Bxg5 Qxg5 16. b4 Qe3+ 17. Kh1 Qxc3 18. a3 a5 19. c5 axb4 20. c6 Nc5 21. a4 b3 22. Bb5 Qd4 23. cxb7 Bxb7 24. Qe2 e4 25. Rfd1 Qe5 26. Bc6 Ba6 27. Bb5 Bxb5 0-1


[Site "https://www.chess.com"]

[Event "Titled Tuesday Blitz April 4 Late 2023"]
[White "Kielinkei"]
[Black "Wadsworth, Matthew J"]
[BlackFideId "415804"]
[WhiteElo "2426"]
[BlackElo "2330"]
[Result "0-1"]
[Round "03"]
[TimeControl "180+2"]
[Date "2023.04.04"]
[WhiteClock "0:00:05"]
[BlackClock "0:00:56"]

1. c4 e5 2. Nc3 Bb4 3. g3 Bxc3 4. bxc3 Nc6 5. Bg2 d6 6. e4 Be6 7. d3 Nge7 8. Ne2 Qd7 9. Rb1 b6 10. Be3 Bh3 11. O-O h5 12. f4 Bxg2 13. Kxg2 h4 14. f5 hxg3 15. Nxg3 g6 16. Qf3 O-O-O 17. f6 Ng8 18. Bg5 Qh3+ 19. Kf2 Qxh2+ 20. Qg2 Qxg2+ 21. Kxg2 Nb8 22. Rh1 Rxh1 23. Rxh1 Nd7 24. Rf1 Nc5 25. Rf3 Ne6 26. Be3 Kd7 27. Nf1 g5 28. Nh2 Nf4+ 29. Bxf4 gxf4 30. Ng4 Ke6 31. Rh3 Nxf6 32. Rh6 Rg8 33. Rxf6+ Ke7 34. Kf3 Rxg4 35. Rh6 Rg3+ 36. Ke2 Rg2+ 37. Kf3 Rd2 38. d4 Rd3+ 39. Ke2 Rxc3 40. c5 bxc5 41. dxe5 dxe5 42. Ra6 Re3+ 43. Kf2 Rxe4 44. Rxa7 Kd6 45. a4 Rb4 46. Ke2 e4 47. Ra6+ Ke5 48. a5 Rb2+ 49. Kd1 Ra2 50. Ra8 Kd4 51. a6 Ke3 52. a7 f3 0-1


[Site "https://www.chess.com"]

[Event "Titled Tuesday Blitz April 4 Late 2023"]
[White "Janaszak, Dawid"]
[Black "Harriott, Tyrell"]
[WhiteFideId "1119206"]
[BlackFideId "2086484"]
[WhiteElo "2220"]
[BlackElo "2107"]
[Result "0-1"]
[Round "03"]
[TimeControl "180+2"]
[Date "2023.04.04"]
[WhiteClock "0:00:10"]
[BlackClock "0:00:07"]

1. e4 e6 2. d4 d5 3. Bd3 f5 4. exf5 exf5 5. Nf3 Nf6 6. O-O Bd6 7. Re1+ Ne4 8. Nc3 c6 9. Ne5 O-O 10. f3 Ng5 11. Bf4 Ne6 12. Ne2 Nxf4 13. Nxf4 Qb6 14. Kh1 Qxd4 15. g3 Bxe5 16. c3 Qb6 17. Rxe5 Qxb2 18. Rb1 Qxc3 19. Qe2 Nd7 20. Re7 Nc5 21. Bc2 Bd7 22. Nh5 Rae8 23. Rf1 g6 24. Nf4 Qf6 25. Re3 d4 26. Qc4+ Ne6 27. Re2 Kg7 28. Nd3 Nc7 29. Ref2 Nd5 30. Bb3 Ne3 31. Qb4 Nxf1 32. Rxf1 b6 33. f4 c5 34. Qd2 Bc6+ 35. Kg1 Qd6 36. Ne5 Bd5 37. Ba4 Rxe5 38. fxe5 Qxe5 39. Re1 Qf6 40. Qe2 Rf7 41. h4 c4 42. Qf2 d3 43. Bd1 Be4 44. h5 Rd7 45. Qf4 Qd6 46. h6+ Kg8 47. Qg5 Kf7 48. Ba4 Re7 49. Rf1 Qf6 50. Qf4 Qe5 51. Qg5 Re6 52. Bd7 Re7 53. Ba4 Qf6 54. Qf4 c3 55. Bb3+ Kf8 56. Qb8+ Re8 57. Qc7 Qe7 58. Qxc3 Qc5+ 59. Qxc5+ bxc5 60. Rc1 Ke7 61. Rxc5 Rd8 62. Bd1 Kf6 63. g4 Kg5 64. gxf5 gxf5 65. Kf2 Kf4 66. Rc7 Rd6 67. Rxh7 d2 68. Rh8 Kg5 69. h7 Kg6 70. Rd8 Rxd8 0-1


[Site "https://www.chess.com"]

[Event "Titled Tuesday Blitz April 4 Late 2023"]
[White "Jocev, Milan"]
[Black "Melikhov, Evgeny V."]
[WhiteFideId "900680"]
[BlackFideId "4122046"]
[WhiteElo "2304"]
[BlackElo "2158"]
[Result "1/2-1/2"]
[Round "03"]
[TimeControl "180+2"]
[Date "2023.04.04"]
[WhiteClock "0:01:06"]
[BlackClock "0:00:24"]

1. c3 d5 2. d4 c5 3. Nf3 e6 4. g3 Nc6 5. Bg2 Nf6 6. O-O Be7 7. dxc5 Bxc5 8. b4 Bd6 9. Bb2 O-O 10. a3 a6 11. Nbd2 b5 12. a4 Bd7 13. axb5 axb5 14. Nb3 Ne5 15. Nxe5 Bxe5 16. Nc5 Bc6 17. Qd2 Qb6 18. e3 h6 19. h3 Rxa1 20. Rxa1 Ra8 21. Rxa8+ Bxa8 22. Qc1 Qa7 23. Nb3 Ne4 24. Nd4 Qa4 25. Bf1 Nd6 26. Nf3 Bf6 27. Bd3 Nc4 28. Nd4 Qa2 29. Ba1 Qa6 30. Bb2 Qa2 31. Ba1 Qa6 32. Bb2 Qa2 1/2-1/2


[Site "https://www.chess.com"]

[Event "Titled Tuesday Blitz April 4 Late 2023"]
[White "Ambartsumova, Karina"]
[Black "Goncalves, Davi Sulzbacher"]
[WhiteFideId "4166299"]
[BlackFideId "2154510"]
[WhiteElo "2240"]
[BlackElo "2182"]
[Result "0-1"]
[Round "03"]
[TimeControl "180+2"]
[Date "2023.04.04"]
[WhiteClock "0:00:10"]
[BlackClock "0:00:05"]

1. e4 c6 2. Ne2 d5 3. e5 c5 4. d4 cxd4 5. Nxd4 Nc6 6. Bf4 Qb6 7. Nb3 Bf5 8. c3 e6 9. Be2 a5 10. a4 Nge7 11. N1d2 Ng6 12. Bg3 Ngxe5 13. O-O Be7 14. Nd4 Nxd4 15. cxd4 Qxd4 16. Bxe5 Qxe5 17. Nf3 Qxb2 18. Bb5+ Kf8 19. Rc1 Bd6 20. Nd4 Be4 21. f3 Bg6 22. Rf2 Qa3 23. Kh1 h6 24. f4 Qe3 25. Rf3 Qe4 26. Qd2 Kg8 27. Qf2 Bh5 28. Re1 Bxf3 29. Rxe4 Bxe4 30. f5 Bc5 31. fxe6 fxe6 32. Bd7 Rf8 33. Bxe6+ Kh7 34. Qe2 Bxd4 35. h3 Rf6 36. Bg4 Rhf8 37. Kh2 Be5+ 38. Kg1 Rf1+ 39. Qxf1 Rxf1+ 40. Kxf1 Bc2 41. Bd7 d4 42. Ke2 Bf4 43. Kf3 Bc1 44. Bb5 Kg8 45. Bd3 Bxd3 0-1


[Site "https://www.chess.com"]

[Event "Titled Tuesday Blitz April 4 Late 2023"]
[White "Postnikov, Daniil"]
[Black "Gerbelli Neto, Eduardo"]
[WhiteFideId "4166329"]
[BlackFideId "2103281"]
[WhiteElo "2261"]
[BlackElo "2178"]
[Result "1-0"]
[Round "03"]
[TimeControl "180+2"]
[Date "2023.04.04"]
[WhiteClock "0:00:10"]
[BlackClock "0:00:23"]

1. e4 e5 2. f4 Nc6 3. Nf3 f5 4. exf5 e4 5. Ne5 Nxe5 6. fxe5 Qe7 7. Qh5+ Kd8 8. d4 exd3 9. Bxd3 Qxe5+ 10. Qe2 Qxe2+ 11. Kxe2 d5 12. Rd1 Bd6 13. h3 Nf6 14. g4 Re8+ 15. Kf3 h6 16. Bf4 Bxf4 17. Kxf4 c5 18. c4 d4 19. Nd2 Bd7 20. Ne4 Nxe4 21. Bxe4 Kc7 22. b4 Bc6 23. Bxc6 Kxc6 24. b5+ Kd6 25. Re1 a6 26. bxa6 bxa6 27. Rab1 Rxe1 28. Rxe1 a5 29. Re6+ Kd7 30. Rg6 Rg8 31. Ra6 Re8 32. Rxa5 Re3 33. Rxc5 Rxh3 34. Rd5+ Kc6 35. Rxd4 Rh2 36. a4 Rf2+ 37. Ke5 Re2+ 38. Re4 Ra2 39. Ke6 Rxa4 40. Kf7 Ra7+ 41. Kg6 Kc5 42. Re8 Kxc4 43. Rg8 Kd5 44. Rxg7 Ra4 45. Kxh6 Ke5 46. Kg5 Ra1 47. Re7+ Kd6 48. Re2 Rg1 49. f6 Rf1 50. Kg6 Kd7 51. g5 1-0


[Site "https://www.chess.com"]

[Event "Titled Tuesday Blitz April 4 Late 2023"]
[White "Abduzhaparov"]
[Black "Kavutskiy, Konstantin"]
[BlackFideId "2026384"]
[WhiteElo "2419"]
[BlackElo "2323"]
[Result "0-1"]
[Round "03"]
[TimeControl "180+2"]
[Date "2023.04.04"]
[WhiteClock "0:00:06"]
[BlackClock "0:00:31"]

1. Nf3 Nf6 2. c4 g6 3. Nc3 Bg7 4. e4 d6 5. d4 O-O 6. Be3 Na6 7. Be2 e5 8. d5 Nh5 9. g3 f5 10. exf5 gxf5 11. Bg5 Nf6 12. Nh4 Nc5 13. Qc2 e4 14. f3 Qe8 15. fxe4 Nfxe4 16. Nxe4 fxe4 17. Be3 Qe5 18. O-O-O a5 19. Bd4 Nd3+ 20. Rxd3 exd3 21. Bxe5 dxc2 22. Bf4 a4 23. Kxc2 a3 24. b3 Bd7 25. Bd3 Rae8 26. Nf3 Bf5 27. Bxf5 Rxf5 28. Kd3 Rf7 29. Ng5 Rf5 30. Ne6 c6 31. Nc7 Rc8 32. Bxd6 Rf2 33. Ne6 Rxa2 34. Nxg7 Kxg7 35. Re1 cxd5 36. Re7+ Kg6 37. cxd5 Rd8 38. Re6+ Kf5 39. Kc4 Rc2+ 40. Kb4 Rxd6 41. Rxd6 a2 42. Ra6 bxa6 0-1


[Site "https://www.chess.com"]

[Event "Titled Tuesday Blitz April 4 Late 2023"]
[White "Mirimanian, Hayk"]
[Black "Can, Melih Kaan"]
[WhiteFideId "4700180"]
[BlackFideId "6317383"]
[WhiteElo "2280"]
[BlackElo "2010"]
[Result "0-1"]
[Round "03"]
[TimeControl "180+2"]
[Date "2023.04.04"]
[WhiteClock "0:00:02"]
[BlackClock "0:00:09"]

1. d4 d5 2. c4 c6 3. Nf3 Nf6 4. Nc3 dxc4 5. a4 Bf5 6. e3 Nbd7 7. Bxc4 e6 8. O-O Bb4 9. Nh4 Qa5 10. Na2 Bd6 11. b4 Qc7 12. Nxf5 exf5 13. h3 O-O 14. Qb3 Nb6 15. Bd3 g6 16. Nc3 Nbd5 17. Nxd5 Nxd5 18. Bd2 Rfe8 19. Rfc1 Qd8 20. b5 cxb5 21. Bxb5 Re7 22. Rc2 f4 23. e4 Nc7 24. e5 Nxb5 25. axb5 Bc7 26. Bc3 f3 27. Bb4 Rd7 28. e6 fxe6 29. Qxe6+ Kg7 30. d5 Re7 31. Qf7+ Rxf7 32. g3 Be5 33. Re1 Qf6 34. Rxe5 Qxe5 35. Bc3 Qxc3 36. Rxc3 Rd8 37. Rd3 Rd6 38. g4 a6 39. bxa6 bxa6 40. Kh2 a5 41. Kg3 Ra7 42. Kxf3 a4 43. Ra3 Rxd5 44. Ke4 Rb5 45. Kd4 Rb4+ 46. Kc5 Rb3 47. Ra1 a3 48. f4 a2 49. f5 Rb1 50. Rxa2 Rxa2 51. fxg6 Kxg6 52. h4 Rd2 53. Kc4 Rc1+ 54. Kb3 Rc8 55. g5 Rd7 56. h5+ Kxg5 57. h6 Rb7+ 58. Ka4 0-1


[Site "https://www.chess.com"]

[Event "Titled Tuesday Blitz April 4 Late 2023"]
[White "Zeman, Matyas"]
[Black "TimGrutter03"]
[WhiteFideId "364398"]
[WhiteElo "2254"]
[BlackElo "2580"]
[Result "1-0"]
[Round "03"]
[TimeControl "180+2"]
[Date "2023.04.04"]
[WhiteClock "0:00:17"]
[BlackClock "0:00:08"]

1. d4 g6 2. Nf3 Bg7 3. e4 d6 4. Nbd2 c6 5. Bd3 Nf6 6. O-O O-O 7. Re1 Bg4 8. h3 Bxf3 9. Nxf3 Nbd7 10. Bf4 e5 11. dxe5 Nh5 12. Be3 Nxe5 13. Nxe5 dxe5 14. Bc4 Qf6 15. Qd7 b5 16. Bb3 a5 17. a4 Rfd8 18. Qc7 Rdc8 19. Qd7 b4 20. Rad1 Nf4 21. Bc4 Rd8 22. Qg4 h5 23. Qf3 Rxd1 24. Rxd1 Rd8 25. b3 Qe7 26. Bb6 Ra8 27. Be3 Ne6 28. Bxe6 Qxe6 29. Qe2 Bf8 30. Qd3 Be7 31. Rd2 Rd8 32. Qa6 Rxd2 33. Bxd2 Qd7 34. Qd3 Qxd3 35. cxd3 Bc5 36. Kf1 f6 37. Ke2 Kf7 38. f4 Ke6 39. Kf3 exf4 40. Bxf4 Bb6 41. Bc1 Bc7 42. Bb2 Bb6 43. d4 Bc7 44. g4 hxg4+ 45. hxg4 Bb6 46. Ke3 Bc7 47. Kd3 Bb6 48. Kc4 f5 49. gxf5+ gxf5 50. exf5+ Kxf5 51. d5 cxd5+ 52. Kxd5 Kf4 53. Kc6 Bd8 54. Bd4 Ke4 55. Bb6 Be7 56. Bxa5 Kd3 57. Bb6 Kc3 58. a5 Kxb3 59. a6 Kc2 60. a7 b3 61. a8=Q b2 62. Qa4+ Kc1 63. Be3+ Kb1 64. Bd4 Bg5 65. Qb3 Bc1 66. Kd5 Ka1 67. Kc4 Kb1 68. Kd3 Ka1 69. Kc2 1-0


[Site "https://www.chess.com"]

[Event "Titled Tuesday Blitz April 4 Late 2023"]
[White "Drori, Saar"]
[Black "Senft, Sean"]
[WhiteFideId "2812444"]
[BlackFideId "2044960"]
[WhiteElo "2322"]
[BlackElo "1989"]
[Result "1-0"]
[Round "03"]
[TimeControl "180+2"]
[Date "2023.04.04"]
[WhiteClock "0:01:30"]
[BlackClock "0:00:14"]

1. e4 c5 2. Nc3 d6 3. g3 Nc6 4. Bg2 g6 5. d3 Bg7 6. Be3 e5 7. Qd2 Nge7 8. Bh6 Bxh6 9. Qxh6 Nd4 10. O-O-O Be6 11. Nh3 b5 12. Qg7 Rg8 13. Qxh7 b4 14. Nd5 Bxd5 15. exd5 Qa5 16. Kb1 Rb8 17. Ng5 Rf8 18. Qg7 Nb5 19. Nh7 Nc3+ 20. Kc1 Nxa2+ 21. Kd2 b3+ 22. c3 Nxc3 23. Qxf8+ Kd7 24. Nf6+ Kc7 25. Qxe7+ Kb6 26. Qxd6+ Kb5 27. Qc6+ Kb4 28. bxc3+ Ka3 29. Ra1+ Kb2 30. Rxa5 1-0


[Site "https://www.chess.com"]

[Event "Titled Tuesday Blitz April 4 Late 2023"]
[White "Rastbod, Ali"]
[Black "Qiao, Cindy"]
[WhiteFideId "12567477"]
[BlackFideId "2620243"]
[WhiteElo "2248"]
[BlackElo "1777"]
[Result "1-0"]
[Round "03"]
[TimeControl "180+2"]
[Date "2023.04.04"]
[WhiteClock "0:00:14"]
[BlackClock "0:00:19"]

1. e4 c5 2. Nc3 Nc6 3. g3 g6 4. Bg2 Bg7 5. d3 e6 6. Be3 d6 7. Qd2 Nge7 8. Bh6 O-O 9. h4 Re8 10. Bxg7 Kxg7 11. h5 Ng8 12. O-O-O Bd7 13. Nf3 Rb8 14. d4 cxd4 15. Nxd4 Qf6 16. Ndb5 Red8 17. Nxd6 Be8 18. f4 e5 19. Nxe8+ Rxe8 20. Nd5 Qe6 21. hxg6 hxg6 22. f5 gxf5 23. exf5 Qxf5 24. Rdf1 Qg6 25. Qe3 Nd4 26. Be4 f5 27. Bd3 Nf6 28. Nxf6 Qxf6 29. c3 e4 30. cxd4 exd3 31. Qxd3 Rbc8+ 32. Kb1 Re4 33. Rd1 Rd8 34. d5 Qe5 35. Rd2 Re1+ 36. Rxe1 Qxe1+ 37. Kc2 Qe4 38. Qxe4 fxe4 39. Kc3 Kf6 40. Kd4 Kf5 41. Rf2+ Kg4 42. Kxe4 Kxg3 43. Rf7 Re8+ 44. Kd4 b6 45. d6 Re1 46. d7 Rd1+ 47. Ke5 Kg4 48. Ke6 Re1+ 49. Kd6 Rd1+ 50. Kc7 Rc1+ 51. Kb7 Rd1 52. Kxa7 Rd2 53. Kxb6 Rxb2+ 54. Kc7 Rc2+ 55. Kb8 Rb2+ 56. Kc8 Rc2+ 57. Kd8 Rxa2 58. Ke8 Ra8+ 59. d8=Q Rxd8+ 60. Kxd8 1-0


[Site "https://www.chess.com"]